 Dungeon Crawl Stone Soup version 0.18.1-48-g4cf74bf (webtiles) character file.

46 PossumBlood the Skirmisher (level 3, -6/35 HPs)
             Began as a Minotaur Fighter on Aug 19, 2016.
             Mangled by Redz's ghost (7 damage)
             ... on level 3 of the Dungeon.
             The game lasted 00:02:00 (1237 turns).

PossumBlood the Skirmisher (Minotaur Fighter)       Turns: 1237, Time: 00:02:04

Health: -6/35      AC:  7    Str: 26    XL:     3   Next: 46%
Magic:  2/2        EV:  7    Int: 10    God:
Gold:   112        SH:  9    Dex:  9    Spells: 0 memorised, 2 levels left

rFire  + . .     SeeInvis .     a - +0 war axe
rCold  x . .     Gourm    .     b - +0 scale mail
rNeg   . . .     Faith    +     c - +0 shield
rPois  .         Spirit   .     (helmet restricted)
rElec  .         Dismiss  .     (no cloak)
rCorr  .         Reflect  .     (no gloves)
SustAt .         Harm     .     (no boots)
MR     .....                    n - amulet of faith
Stlth  ..........               (no ring)
                                g - ring of fire

@: mighty, brilliant, not resistant to hostile enchantments, extremely
unstealthy
A: retaliatory headbutt, horns 2
a: no special abilities


You were on level 3 of the Dungeon.
You were not hungry.

You visited 1 branch of the dungeon, and saw 3 of its levels.

You collected 112 gold pieces.

Inventory:

Hand Weapons
 a - a +0 war axe (weapon)
Armour
 b - a +0 scale mail (worn)
 c - a +0 shield (worn)
Jewellery
 g - a ring of fire (left hand)
 n - an amulet of faith (around neck)
Wands
 o - a wand of paralysis (12/24)
Scrolls
 e - 2 scrolls of identify {unknown}
 h - a scroll of remove curse {unknown}
 i - a scroll of fear {unknown}
 j - 2 scrolls of recharging {unknown}
 k - a scroll of random uselessness {unknown}
 q - 2 scrolls of blinking {unknown}
 r - a scroll of noise {unknown}
 s - a scroll of enchant weapon {unknown}
Potions
 l - a potion of magic {unknown}
 m - a potion of degeneration {unknown}
Books
 p - a book of Dreams

   Spells                             Type                      Level
   a - Ensorcelled Hibernation        Hexes/Ice                    2
   b - Silence                        Hexes/Air                    5
   c - Darkness                       Hexes                        6
   d - Shadow Creatures               Summoning                    6
Comestibles
 f - a bread ration
 t - a meat ration


   Skills:
 * Level 4.8 Fighting
 - Level 2.4 Axes
 + Level 4.4 Armour
 - Level 3.6 Shields


You had 2 spell levels left.
You didn't know any spells.

Dungeon Overview and Level Annotations

Branches:
Dungeon (3/15)

Altars:
Pakellas

Annotations:
D:3 Redz's ghost, amateur GrWr


Innate Abilities, Weirdness & Mutations

You reflexively headbutt those who attack you in melee.
You have a pair of horns on your head.


Message History

You slash the kobold!
You kill the kobold!
Redz's ghost hits you.
* * * LOW HITPOINT WARNING * * *
The giant newt bites you but does no damage.
Redz's ghost hits you.
* * * LOW HITPOINT WARNING * * *
You hit Redz's ghost.
Redz's ghost is moderately damaged.
You closely miss the giant newt. You block the giant newt's attack.
Redz's ghost hits you!
* * * LOW HITPOINT WARNING * * *
Drink which item? (? for menu, Esc to quit)
It was a potion of brilliance.
You feel clever all of a sudden. The giant newt barely misses you.
You furiously retaliate!
You headbutt the giant newt!
You kill the giant newt!
Redz's ghost hits you!
You die...

#### ... ..# #.#
####.#
#....#######. .#.
#..W.........
...l.#†@#<#######.
#>.(..........
#.##.#.####### #
#.#.# #.... ######


You could see Redz's ghost.

Vanquished Creatures
  An adder (D:2)
  An ooze (D:1)
  2 worms (D:2)
  3 giant cockroaches
  2 hobgoblins (D:2)
  4 jackals (D:2)
  5 kobolds
  3 bats (D:1)
  A giant newt (D:3)
  2 goblins (D:1)
  3 rats (D:2)
27 creatures vanquished.

Notes
Turn   | Place    | Note
--------------------------------------------------------------
     0 | D:1      | PossumBlood the Minotaur Fighter began the quest for the Orb.
     0 | D:1      | Reached XP level 1. HP: 19/19 MP: 0/0
   412 | D:1      | Reached XP level 2. HP: 27/27 MP: 1/1
   998 | D:2      | Found an oddly glowing altar of Pakellas.
  1002 | D:2      | Reached XP level 3. HP: 33/34 MP: 2/2
  1225 | D:3      | Noticed Redz's ghost (amateur GrWr)
  1236 | D:3      | HP: 1/35 [Redz's ghost (7)]
  1237 | D:3      | Mangled by Redz's ghost

Skill      XL: |  1  2 |
---------------+-------+-----
Fighting       | 4 |  4.8
Armour         | 4 |  4.4
Axes           | |  2.4
Shields        | |  3.6

Action                   || total
-------------------------++-------
Melee: War axe           ||    54
       Headbutt          ||     5
  Use: Potion            ||     2
  Eat: Bread ration      ||     1
Armor: Scale mail        ||    27
Dodge: Dodged            ||    22
Block: Shield            ||    32
